 Dungeon Crawl Stone Soup version 0.30-a0-341-g682706514a (webtiles) character file.

Game seed: 7681342740224856170

107 Hubris850 the Insei (level 4, 0/28 HPs)
             Began as an Octopode Transmuter on Nov 4, 2022.
             Slain by an orc wizard
             ... wielding a +0 dagger
              (2 damage)
             ... on level 3 of the Dungeon.
             The game lasted 00:03:35 (1728 turns).

Hubris850 the Insei (Octopode Transmuter)           Turns: 1728, Time: 00:03:35

Health: 0/28       AC:  1    Str:  9    XL:     4   Next: 86%
Magic:  8/8        EV: 13    Int: 17    God:
Gold:   120        SH:  0    Dex: 12    Spells: 4/8 levels left

rFire   . . .      SeeInvis .      - Unarmed
rCold   . . .      Faith    .    (no shield)
rNeg    . . .      Spirit   .    (helmet restricted)
rPois   .          Reflect  .    (no amulet)
rElec   .          Harm     .    (no ring)
rCorr   .          Rampage  .    (no ring)
Will    .....                    (no ring)
Stlth   ++........               (no ring)
HPRegen 0.24/turn                (no ring)
MPRegen 0.11/turn                (no ring)
                                 (no ring)
                                 (no ring)

@: no status effects
A: almost no armour, amphibious, 8 rings, camouflage 1, gelatinous body 1,
(nimble swimmer 1), tentacles
a: no special abilities


You were on level 3 of the Dungeon.
You visited 1 branch of the dungeon, and saw 3 of its levels.

You collected 120 gold pieces.

Inventory:

Missiles
 d - 5 curare-tipped darts
 g - 7 boomerangs
Scrolls
 b - 6 scrolls of identify {unknown}
 c - 2 scrolls of immolation {unknown}
 e - 4 scrolls of teleportation {unknown}
 i - a scroll of enchant armour {unknown}
Potions
 a - a potion of lignification
 f - 2 potions of ambrosia {unknown}
 h - a potion of heal wounds {unknown}


   Skills:
 - Level 1.2 Fighting
 + Level 2.7 Dodging
 + Level 3.5 Unarmed Combat
 + Level 2.6 Spellcasting
 + Level 2.8 Transmutations
 + Level 1.8 Poison Magic


You had 4 spell levels left.
You knew the following spells:

 Your Spells              Type           Power      Damage    Failure   Level
a - Beastly Appendage     Tmut           22%        N/A       6%          1
b - Spider Form           Tmut/Pois      10%        N/A       21%         3

Your spell library contained the following spells:

 Spells                   Type           Power      Damage    Failure   Level
 Wereblood                Tmut           11%        N/A       9%          2
 Ice Form                 Ice/Tmut       7%         N/A       71%         4


Dungeon Overview and Level Annotations

Branches:
Dungeon (3/15)

Altars:

Annotations:
D:2 1 runed translucent door, Crazy Yiuf


Innate Abilities, Weirdness & Mutations

You cannot wear most types of armour.
You are amphibious.
You can wear up to eight rings at the same time.
Your skin changes colour to match your surroundings (Stealth+).
Your rubbery body absorbs attacks. (AC +1, EV +1)
((You are camouflaged when in or above water. (Stealth+)))
You have tentacles for arms and can constrict up to eight enemies at once.


Message History

The orc wizard flickers and vanishes!
Deactivating autopickup; reactivate with Ctrl-A.
You hear a shout! x2
You tentacle-slap the hobgoblin but do no damage.
You grab the hobgoblin.
You constrict the hobgoblin, but do no damage.
The hobgoblin completely misses you.
You tentacle-slap the hobgoblin. You squeeze the hobgoblin.
The hobgoblin is severely wounded.
You constrict the hobgoblin, but do no damage.
The hobgoblin misses you.
An orc priest comes into view. It is wielding a +0 hand axe.
A magic dart appears from out of thin air!
The magic dart hits you.
You release your grip on the hobgoblin.
The hobgoblin attacks as you move away! The hobgoblin hits you.
The goblin attacks as you move away! The goblin completely misses you.
An orc comes into view. It is wielding a +0 hand axe.
You tentacle-slap the hobgoblin.
You kill the hobgoblin!
You tentacle-slap something. Your squeeze misses something. Something hits you.
You barely miss something. Something hits you.
You closely miss something. Your squeeze misses something. Something hits you.
You barely miss something. Something barely misses you.
You closely miss something. You miss something. Your squeeze misses something.
Something hits you.
You tentacle-slap something but do no damage.
Your squeeze misses something. Something hits you.
You miss something. Something hits you.
* * * LOW HITPOINT WARNING * * *
You closely miss something. Something hits you.
* * * LOW HITPOINT WARNING * * *
You barely miss something.
You hear some strange, mumbled words.
Something tries to affect you, but you resist.
The orc priest looks encouraged for a moment.
You barely miss something. Something hits you.
* * * LOW HITPOINT WARNING * * *
You closely miss something. Something hits you.
You die...

###..... ....!.## #.....#
##### #.....# ...#
.###.....######.####.#####
........oo................
####....#g#####....#.#####
#....#{# #### #.####
#....#@### #....#
######...# ####.#
###.######.# #.##
#........# #...
#..############.
#....#..........
#..............<
#####....#######
...............


You could see an orc priest, an orc and a goblin.

Vanquished Creatures
  2 adders (D:2)
  3 worms
  4 dart slugs
  8 orcs (D:3)
  6 bats
  An endoplasm (D:1)
  4 giant cockroaches
  4 goblins
  5 hobgoblins
  3 jackals (D:1)
  4 quokkas
  7 ball pythons
  3 frilled lizards (D:1)
  4 kobolds
  5 rats
63 creatures vanquished.

Notes
Turn   | Place    | Note
-------+----------+-------------------------------------------
     0 | D:1      | Hubris850 the Octopode Transmuter began the quest for the
                  | Orb.
     0 | D:1      | Reached XP level 1. HP: 13/13 MP: 3/3
   112 | D:1      | Reached XP level 2. HP: 18/18 MP: 5/5
   256 | D:1      | Reached XP level 3. HP: 13/23 MP: 6/6
   682 | D:1      | Learned a level 3 spell: Spider Form
   715 | D:1      | Reached skill level 1 in Poison Magic
  1017 | D:2      | Reached XP level 4. HP: 28/28 MP: 7/7
  1305 | D:2      | Found a runed translucent door.
  1306 | D:2      | Noticed Crazy Yiuf
  1728 | D:3      | Slain by an orc wizard

Illustrated notes

Levels and vault maps discovered:
D:1:      mrwooster_arrival_arrow, layout_basic, supply_closet_lemuel,
          minmay_domino_2
D:2:      layout_rooms, minmay_small_reverse_x, uniq_crazy_yiuf_cottage
D:3:      layout_basic

Skill      XL: |  1  2  3 |
---------------+----------+-----
Poison Magic   | 1 |  1.8
Fighting       | |  1.2
Dodging        | |  2.7
Unarmed Combat | |  3.5
Spellcasting   | |  2.6
Transmutations | |  2.8

Action                   |  1- 3 |  4- 6 || total
-------------------------+-------+-------++-------
Melee: Unarmed           |    93 |    77 ||   170
       Tentacles         |    19 |    12 ||    31
       Constrict         |    27 |    14 ||    41
       Punch             |     1 |       ||     1
 Cast: Spider Form       |       |     1 ||     1
 Stab: Sleeping          |     3 |       ||     3
       Distracted        |     1 |       ||     1
Armor: Skin              |     6 |     4 ||    10
Dodge: Dodged            |    71 |    42 ||   113

Table legend: (Time is in decaauts)
 A = Elapsed time spent in this place.
 B = Non-inter-level travel time spent in this place.
 C = Inter-level travel time spent in this place.
 D = Time resting spent in this place.
 E = Time spent auto-exploring this place.
 F = Levels seen in this place.
 G = Mean time per level.
                   A        B        C        D        E       F      G
               +--------+--------+--------+--------+--------+-----+--------+
         Total |   1719 |   1661 |     58 |    180 |   1090 |   3 |  573.0 |
       Dungeon |   1719 |   1661 |     58 |    180 |   1090 |   3 |  573.0 |
               +--------+--------+--------+--------+--------+-----+--------+

Top non-repeatable levels by time:
     D:1: 811 daAuts
     D:2: 541 daAuts
     D:3: 366 daAuts
